 Dungeon Crawl Stone Soup version 0.31-a0-1068-g5939ac1fb6 (webtiles) character file.

Game seed: 3433464263196748523

58 Maratek the Trooper (level 3, -1/43 HPs)
             Began as a Demonspawn Fighter on Nov 24, 2023.
             Slain by a gnoll
             ... wielding a +0 halberd
              (12 damage)
             ... on level 3 of the Dungeon.
             The game lasted 00:03:19 (1691 turns).

Maratek the Trooper (Demonspawn Fighter)            Turns: 1691, Time: 00:03:20

Health: -1/43      AC:  9    Str: 16    XL:     3   Next: 75%
Magic:  3/3        EV:  8    Int:  9    God:
Gold:   61         SH:  5    Dex: 14    Spells: 2/2 levels left

rFire   . . .        a - +0 long sword
rCold   + . .        c - +0 buckler
rNeg    . . .        m - +1 scale mail of Vehumet's Grace {rC+}
rPois   .            (no helmet)
rElec   .            (no cloak)
rCorr   .            (no gloves)
SInv    .            (no boots)
Will    .....        f - amulet of the acrobat Stlth
                     (no ring)
HPRegen 0.27/turn    (no ring)
MPRegen 0.08/turn

%: acrobat
@: berserking, very quick
A: slimy green scales 1, spiny 1
a: no special abilities


You were on level 3 of the Dungeon.
You visited 1 branch of the dungeon, and saw 3 of its levels.

You collected 61 gold pieces.

Inventory:

Hand Weapons
 a - a +0 long sword (weapon)
 i - a +0 triple crossbow
Armour
 c - a +0 buckler (worn)
 m - the +1 scale mail of Vehumet's Grace (worn) {rC+}
   (You found it on level 2 of the Dungeon)

   rC+:       It protects you from cold.
Jewellery
 f - an amulet of the acrobat (around neck)
Scrolls
 b - a scroll of fog {unknown}
 g - 3 scrolls of identify
 h - a scroll of revelation
 j - a scroll of teleportation
Potions
 d - a potion of might
 k - a potion of berserk rage


   Skills:
 * Level 3.4 Fighting
 * Level 2.3 Long Blades
 - Level 1.0 Ranged Weapons
 * Level 3.0 Armour
 * Level 3.0 Shields


You had 2 spell levels left.
You didn't know any spells.
Your spell library contained the following spells:

 Spells                   Type           Power      Damage    Failure   Level
 Apportation              Tloc           0%         N/A       88%         1
 Necrotise                Necr           0%         1d4       88%         1
 Summon Small Mammal      Summ           0%         N/A       88%         1


Dungeon Overview and Level Annotations

Branches:
Dungeon (3/15)

Altars:

Shops:
D:1 =   D:2 [


Innate Abilities, Weirdness & Mutations

You are partially covered in slimy green scales. (AC +2)
You are partially covered in sharp spines.


Message History

The gnoll shouts! x2
You barely miss the gnoll. The gnoll closely misses you.
You hit the gnoll.
The gnoll is moderately wounded.
The gnoll hits you from afar with a +0 spear.
The gnoll is struck by your spines. The gnoll hits you with a +0 whip.
The gnoll hits you but does no damage. The gnoll completely misses you.
The gnoll hits you but does no damage.
You hit the gnoll.
The gnoll is severely wounded.
The gnoll hits you from afar with a +0 spear!
The gnoll closely misses you. You block the gnoll's attack.
You hit the gnoll.
You kill the gnoll!
The gnoll barely misses you. The gnoll completely misses you.
The gnoll is struck by your spines. The gnoll hits you with a +0 halberd!
* * * LOW HITPOINT WARNING * * *
The gnoll is struck by your spines. The gnoll misses you.
You are too injured to fight recklessly!
You are too injured to fight recklessly!
You are too injured to fight recklessly!
You are too injured to fight recklessly!
You are too injured to fight recklessly!
You are too injured to fight recklessly!
You are too injured to fight recklessly!
You are too injured to fight recklessly!
You are too injured to fight recklessly!
You are too injured to fight recklessly!
You are too injured to fight recklessly!
You are too injured to fight recklessly!
You are too injured to fight recklessly!
You are too injured to fight recklessly!
You are too injured to fight recklessly!
You are too injured to fight recklessly!
You are too injured to fight recklessly!
You are too injured to fight recklessly!
A red film seems to cover your vision as you go berserk!
You feel yourself moving faster!
You feel mighty! The gnoll hits you with a +0 halberd!
You die...

#. #.. #.# .# #
#.#####.####
#.##....g......
#...?..@g.....#
##.####.#.)##.##.#
...........##.#
#.####.#...#.#
..............#
...####.......###
#...)......#
##.......#.#
##.....##.####


You could see 2 gnolls.

Vanquished Creatures
  A gnoll (D:3)
  3 dart slugs
  4 endoplasms
  A giant cockroach (D:2)
  8 goblins
  3 hobgoblins
  2 kobolds
  2 quokkas
  9 ball pythons
  2 bats (D:3)
  4 rats
39 creatures vanquished.

Notes
Turn   | Place    | Note
-------+----------+-------------------------------------------
     0 | D:1      | Maratek the Demonspawn Fighter began the quest for the Orb.
     0 | D:1      | Reached XP level 1. HP: 18/18 MP: 1/1
   302 | D:1      | Gained mutation: You are partially covered in sharp spines.
                  | [demonic ancestry]
   302 | D:1      | Reached XP level 2. HP: 24/24 MP: 2/2
   326 | D:1      | Found Xihih's Jewellery Shoppe.
   863 | D:2      | Gained mutation: You are partially covered in slimy green
                  | scales. (AC +2) [demonic ancestry]
   863 | D:2      | Reached XP level 3. HP: 28/29 MP: 3/3
  1085 | D:2      | Found Fuku's Antique Armour Shop.
  1345 | D:2      | Identified the +1 scale mail of Vehumet's Grace {rC+}
  1520 | D:3      | Reached skill level 1 in Ranged Weapons
  1691 | D:3      | Slain by a gnoll

Illustrated notes

Levels and vault maps discovered:
D:1:      evilmike_arrival_hilbert_curve, layout_basic, serial_shops, shop
D:2:      layout_basic, basic_altar, serial_shops, nicolae_shop_stone
D:3:      layout_loops_ring

Skill      XL: |  1  2  3 |
---------------+----------+-----
Long Blades    | 2 |  2.3
Armour         | 3 |  3.0
Shields        | 3 |  3.0
Ranged Weapons | 1 |  1.0
Fighting       | |  3.4

Action                     || total
---------------------------++-------
  Melee: Long sword        ||    67
   Fire: Triple crossbow   ||    11
    Use: Scroll            ||     6
         Potion            ||     1
 Armour: Scale mail        ||    43
  Dodge: Dodged            ||    31
  Block: Buckler           ||    15

Table legend: (Time is in decaauts)
 A = Elapsed time spent in this place.
 B = Non-inter-level travel time spent in this place.
 C = Inter-level travel time spent in this place.
 D = Time resting spent in this place.
 E = Time spent auto-exploring this place.
 F = Levels seen in this place.
 G = Mean time per level.
                   A        B        C        D        E       F      G
               +--------+--------+--------+--------+--------+-----+--------+
         Total |   1728 |   1582 |    146 |      0 |   1294 |   3 |  576.0 |
       Dungeon |   1728 |   1582 |    146 |      0 |   1294 |   3 |  576.0 |
               +--------+--------+--------+--------+--------+-----+--------+

Top non-repeatable levels by time:
     D:1: 858 daAuts
     D:2: 612 daAuts
     D:3: 257 daAuts
